[Event "Titled Tuesday Blitz November 29 Early 2022"]
[White "Lewicki, Miroslaw"]
[Black "Lopez Del Alamo, Antonio"]
[WhiteFideId "1113380"]
[BlackFideId "2227339"]
[WhiteElo "2191"]
[BlackElo "2175"]
[Result "0-1"]
[Round "01"]
[TimeControl "180+1"]
[Date "2022.11.30"]
[WhiteClock "0:00:29"]
[BlackClock "0:00:13"]

1. g3 g6 2. Bg2 Bg7 3. Nf3 Nf6 4. O-O O-O 5. c3 d6 6. d4 Nbd7 7. Re1 e5 8. e4 a5 9. Na3 b6 10. h3 Ba6 11. Nc2 Qe7 12. Ne3 c6 13. d5 c5 14. Ng4 c4 15. Bg5 h5 16. Nh6+ Kh7 17. Qd2 Nc5 18. Nh4 Rh8 19. N6f5 gxf5 20. Nxf5 Qd7 21. Bh6 Ncxe4 22. Rxe4 Qxf5 23. Bxg7 Kxg7 24. Rh4 Rag8 25. Re1 Kf8 26. b3 cxb3 27. axb3 Qg5 28. Qa2 Bb7 29. b4 Qxh4 30. gxh4 Bxd5 31. Qa3 Rxg2+ 32. Kf1 Rhg8 33. Rd1 Bf3 0-1


[Site "https://www.chess.com"]

[Event "Titled Tuesday Blitz November 29 Early 2022"]
[White "Li, Hui"]
[Black "Maksimenko, Viktor"]
[WhiteFideId "15400310"]
[BlackFideId "13710478"]
[WhiteElo "1954"]
[BlackElo "2277"]
[Result "1-0"]
[Round "01"]
[TimeControl "180+1"]
[Date "2022.11.30"]
[WhiteClock "0:00:05"]
[BlackClock "0:00:46"]

1. e4 e5 2. Nf3 Nc6 3. Bb5 a6 4. Ba4 Nf6 5. O-O b5 6. Bb3 Bc5 7. a4 Rb8 8. axb5 axb5 9. c3 d6 10. d4 Bb6 11. Na3 O-O 12. Nxb5 Bg4 13. Bc2 Bxf3 14. gxf3 Nh5 15. Be3 Qf6 16. Kh1 Nf4 17. d5 Ne7 18. Na3 Qg5 19. Rg1 Qh4 20. Rg4 Qh3 21. Rg3 Qh5 22. Nc4 Neg6 23. Nxb6 cxb6 24. Bd3 Qh4 25. Rg4 Qe7 26. Bb5 f5 27. Rg3 Rf7 28. Qc2 Rbf8 29. Bc6 fxe4 30. fxe4 Nh5 31. Rgg1 Rf3 32. Bxb6 Qh4 33. Bd7 Rxf2 34. Bxf2 Rxf2 35. Be6+ Kf8 36. Qxf2+ Qxf2 37. Raf1 Qxf1 38. Rxf1+ Nhf4 39. Bf5 Ke7 40. Bxg6 hxg6 41. b4 Ne2 42. b5 Nxc3 43. b6 Kd7 44. Rf7+ Kc8 45. Rxg7 Nxe4 46. Rxg6 Kb7 47. h4 Nf6 48. Rxf6 1-0


[Site "https://www.chess.com"]

[Event "Titled Tuesday Blitz November 29 Early 2022"]
[White "Ljukin, Sergei"]
[Black "Kozak, Antoni"]
[WhiteFideId "14102200"]
[BlackFideId "21832030"]
[WhiteElo "2312"]
[BlackElo "2447"]
[Result "1-0"]
[Round "01"]
[TimeControl "180+1"]
[Date "2022.11.30"]
[WhiteClock "0:00:42"]
[BlackClock "0:01:40"]

1. e4 c6 2. d4 d5 3. e5 Bf5 4. Nd2 e6 5. Nb3 Ne7 6. Nf3 Bg6 7. Be2 Nf5 8. O-O Nd7 9. a4 Be7 10. a5 O-O 11. g4 Nh4 12. Nxh4 Bxh4 13. f4 f5 14. Be3 fxg4 15. Bxg4 Bf5 16. Kh1 Be7 17. Nd2 c5 18. Rg1 Rc8 19. Bxf5 Rxf5 20. Qg4 g6 21. Nf3 c4 22. Bf2 Qf8 23. Bh4 Kh8 24. Bxe7 Qxe7 25. Nh4 Rh5 26. Nf3 Rf8 27. Ng5 Rf5 28. c3 Nf8 29. Rab1 Qg7 30. b3 Qh6 31. Rg2 Rh4 32. Qxf5 exf5 33. Nf7+ Kg7 34. Nxh6 Kxh6 35. bxc4 dxc4 36. Rf2 Ne6 37. d5 Nxf4 38. Rxf4 Rxf4 39. d6 Rf3 40. e6 Rd3 41. e7 1-0


[Site "https://www.chess.com"]

[Event "Titled Tuesday Blitz November 29 Early 2022"]
[White "Lorenzo De La Riva, Lazaro"]
[Black "Csonka, Balazs"]
[WhiteFideId "2268809"]
[BlackFideId "742910"]
[WhiteElo "2294"]
[BlackElo "2404"]
[Result "0-1"]
[Round "01"]
[TimeControl "180+1"]
[Date "2022.11.30"]
[WhiteClock "0:00:22"]
[BlackClock "0:00:42"]

1. e4 c6 2. d4 d5 3. Nc3 dxe4 4. Bc4 Nf6 5. f3 exf3 6. Nxf3 Bf5 7. Bg5 e6 8. Nh4 Bg6 9. Nxg6 hxg6 10. Qd3 Be7 11. O-O-O Nbd7 12. h4 Nb6 13. Bb3 Qd7 14. Bxf6 gxf6 15. Ne4 f5 16. Ng5 Rxh4 17. Nf3 Rxh1 18. Rxh1 O-O-O 19. c3 Bf6 20. Rd1 Qc7 21. Kb1 c5 22. Qe2 cxd4 23. cxd4 Kb8 24. a3 g5 25. Rc1 Qd6 26. Qc2 g4 27. Nd2 Rc8 28. Bc4 Qxd4 29. Ka2 Nxc4 30. Nxc4 Rxc4 31. Qb1 Rxc1 32. Qxc1 Qxb2+ 33. Qxb2 Bxb2 34. Kxb2 Kc7 35. Kc2 Kb6 36. Kd3 Kc5 37. Ke3 e5 38. g3 Kc4 39. Kd2 Kb3 40. Kd3 b5 41. a4 bxa4 42. Ke3 a3 43. Kd3 a2 44. Ke3 a1=Q 45. Kd3 Qd4+ 46. Ke2 Kc2 47. Kf1 Qe3 48. Kg2 f4 49. Kh1 f3 50. Kh2 Qf2+ 51. Kh1 Qg2# 0-1


[Site "https://www.chess.com"]

[Event "Titled Tuesday Blitz November 29 Early 2022"]
[White "Makhmudov, Shukhrat"]
[Black "Sagita, Catur Adi"]
[WhiteFideId "14200775"]
[BlackFideId "7104618"]
[WhiteElo "2135"]
[BlackElo "2232"]
[Result "0-1"]
[Round "01"]
[TimeControl "180+1"]
[Date "2022.11.30"]
[WhiteClock "0:00:04"]
[BlackClock "0:00:30"]

1. e4 c6 2. d4 d5 3. Nc3 dxe4 4. Nxe4 Bf5 5. Ng3 Bg6 6. h4 h6 7. Nf3 Nd7 8. h5 Bh7 9. Bd3 Bxd3 10. Qxd3 Ngf6 11. Bd2 e6 12. Ne4 Nxe4 13. Qxe4 Nf6 14. Qe2 Bd6 15. O-O-O Qc7 16. g3 O-O-O 17. Kb1 Rhe8 18. c4 c5 19. dxc5 Bxc5 20. Bf4 Qb6 21. Qe5 Nd7 22. Qxg7 e5 23. Bc1 e4 24. Nd4 Ne5 25. Nb3 Bxf2 26. Rxd8+ Qxd8 27. Qxh6 e3 28. Qf4 Qd3+ 29. Ka1 Nxc4 30. h6 Qd5 31. Rh2 e2 32. h7 e1=Q 33. h8=Q Rxh8 34. Rxh8+ Kd7 35. Qg4+ Qde6 36. Qg8 Bb6 37. Qc8+ Kd6 38. Qb8+ Bc7 39. Qxb7 Qf6 40. Qa6+ Bb6 41. Rc8 Qxb2# 0-1


[Site "https://www.chess.com"]

[Event "Titled Tuesday Blitz November 29 Early 2022"]
[White "Maksimovic, Bojan"]
[Black "Buchenau, Frank"]
[WhiteFideId "14408120"]
[BlackFideId "4604350"]
[WhiteElo "2447"]
[BlackElo "2157"]
[Result "1-0"]
[Round "01"]
[TimeControl "180+1"]
[Date "2022.11.30"]
[WhiteClock "0:00:52"]
[BlackClock "0:00:01"]

1. e4 e6 2. d3 d5 3. Nd2 Nf6 4. g3 b6 5. Bg2 Bb7 6. e5 Nfd7 7. f4 c5 8. Nh3 Nc6 9. O-O Be7 10. c3 Qc7 11. Nf3 O-O 12. Bd2 d4 13. c4 a6 14. Rc1 b5 15. Qe2 bxc4 16. Rxc4 Nb6 17. Rc2 Nd5 18. a3 a5 19. Rfc1 Qb6 20. Nf2 Ne3 21. Bxe3 dxe3 22. Qxe3 Nd4 23. Nxd4 cxd4 24. Qe2 Bxg2 25. Kxg2 Rfd8 26. Rc7 Bf8 27. Ne4 Rab8 28. R1c2 a4 29. R7c4 Qb3 30. Ng5 h6 31. Nf3 Rd5 32. Nxd4 Qb6 33. Nc6 Ra8 34. d4 Qb3 35. Qf3 Qa2 36. h4 Qb1 37. Qf1 Qa2 38. R4c3 Kh8 39. Rc4 Qb3 40. Qf3 Qb7 41. Nb4 Bxb4 42. Rxb4 Qd7 43. Rcc4 Rd8 44. Rxa4 Qb5 45. Rab4 Qa6 46. Kh2 Qa7 47. Qe4 Qa8 48. a4 Qa5 49. b3 Qa8 50. Rb5 1-0


[Site "https://www.chess.com"]

[Event "Titled Tuesday Blitz November 29 Early 2022"]
[White "Mamedov, Edgar"]
[Black "Wagner, Dennis"]
[WhiteFideId "13739980"]
[BlackFideId "24650684"]
[WhiteElo "2183"]
[BlackElo "2470"]
[Result "1/2-1/2"]
[Round "01"]
[TimeControl "180+1"]
[Date "2022.11.30"]
[WhiteClock "0:00:16"]
[BlackClock "0:00:12"]

1. d4 d5 2. c4 e6 3. cxd5 exd5 4. Nc3 c6 5. Nf3 Bd6 6. Bg5 Ne7 7. e3 Bf5 8. Bd3 Bxd3 9. Qxd3 h6 10. Bh4 Na6 11. O-O O-O 12. a3 Re8 13. b4 Nc7 14. Rab1 Qd7 15. Na4 Qf5 16. Qxf5 Nxf5 17. Bg3 Bxg3 18. hxg3 Nb5 19. Ra1 Nfd6 20. Nc5 Nc3 21. a4 f6 22. Nd2 h5 23. Ra3 Nce4 24. Ndxe4 dxe4 25. Rb1 a6 26. Rd1 Rad8 27. Rc3 Re7 28. Rcc1 Ne8 29. Rb1 Kf7 30. b5 cxb5 31. axb5 a5 32. b6 Nd6 33. Ra1 Ra8 34. Ra4 Nc8 35. Rb1 f5 36. Rb5 g6 37. Raxa5 Rxa5 38. Rxa5 Nxb6 39. Rb5 Nd7 40. Nxb7 Nf6 41. Nd6+ Ke6 42. Nc4 Ra7 43. Rb6+ Kf7 44. Ne5+ Kg7 45. d5 Ra1+ 46. Kh2 Ng4+ 47. Nxg4 hxg4 48. Rb7+ Kf6 49. d6 Rd1 50. d7 Kg5 51. Ra7 Rd2 52. Kg1 Rd1+ 53. Kh2 Rd2 54. Rc7 Rd1 55. Ra7 1/2-1/2


[Site "https://www.chess.com"]

[Event "Titled Tuesday Blitz November 29 Early 2022"]
[White "Manelyuk, Daniil"]
[Black "Blokhin, Sofia"]
[WhiteFideId "44173920"]
[BlackFideId "4508190"]
[WhiteElo "2209"]
[BlackElo "2005"]
[Result "1-0"]
[Round "01"]
[TimeControl "180+1"]
[Date "2022.11.30"]
[WhiteClock "0:00:07"]
[BlackClock "0:00:01"]

1. e4 c5 2. Nf3 e6 3. c4 Nc6 4. Nc3 e5 5. Bd3 Be7 6. O-O Nf6 7. Ne1 d6 8. f4 Bg4 9. Be2 Bxe2 10. Qxe2 Nd4 11. Qd3 Nd7 12. Nc2 O-O 13. Nd5 a6 14. b3 Rb8 15. Nxd4 cxd4 16. Ba3 b5 17. fxe5 Nxe5 18. Qxd4 bxc4 19. Nxe7+ Qxe7 20. Bxd6 Rfd8 21. Qxe5 Qxd6 22. Qf5 Qd4+ 23. Kh1 Rb7 24. bxc4 Qxc4 25. h3 Qd4 26. e5 g6 27. Qf6 Qxd2 28. e6 Rb2 29. exf7+ Kf8 30. Qh8+ Ke7 31. Rae1+ Kd7 32. Qxd8+ Kxd8 33. f8=Q+ Kc7 34. Rf7+ Kc6 35. Qc8+ Kb5 36. Re5+ Ka4 37. Qc6+ Ka3 38. Rf3+ Kxa2 39. Qxa6+ Kb1 40. Qf1+ Kc2 41. Rc5+ 1-0


[Site "https://www.chess.com"]

[Event "Titled Tuesday Blitz November 29 Early 2022"]
[White "Manon-og, Ramon Jr."]
[Black "Melikyan, Gnel"]
[WhiteFideId "5200776"]
[BlackFideId "54109990"]
[WhiteElo "2328"]
[BlackElo "2138"]
[Result "1-0"]
[Round "01"]
[TimeControl "180+1"]
[Date "2022.11.30"]
[WhiteClock "0:01:09"]
[BlackClock "0:00:09"]

1. e4 d6 2. d4 Nf6 3. Nc3 e5 4. Nf3 Nc6 5. d5 Ne7 6. Bc4 a6 7. a4 c6 8. dxc6 Nxc6 9. Ng5 Be6 10. Nxe6 fxe6 11. Bxe6 Nd4 12. Ba2 Rc8 13. O-O Be7 14. Be3 Qb6 15. Rb1 Qb4 16. f4 Rf8 17. fxe5 dxe5 18. h3 Bc5 19. Kh1 Rd8 20. Rxf6 Rxf6 21. Qh5+ Kd7 22. Nd5 Qxa4 23. Nxf6+ gxf6 24. Qf7+ Kc8 25. Bd5 Rd7 26. Qe8+ Kc7 27. c3 Nb3 28. Bxb3 Qxe4 29. Bxc5 Qxb1+ 30. Kh2 Qxb2 31. Be6 Rd2 32. Qc8# 1-0


[Site "https://www.chess.com"]

[Event "Titled Tuesday Blitz November 29 Early 2022"]
[White "Manukyan, Artyom"]
[Black "Dubov, Daniil"]
[WhiteFideId "13305786"]
[BlackFideId "24126055"]
[WhiteElo "2078"]
[BlackElo "2791"]
[Result "0-1"]
[Round "01"]
[TimeControl "180+1"]
[Date "2022.11.30"]
[WhiteClock "0:00:43"]
[BlackClock "0:01:14"]

1. e4 c6 2. d4 d5 3. exd5 cxd5 4. Bd3 Nc6 5. c3 Nf6 6. Bf4 Bg4 7. Qb3 Qc8 8. Nd2 e6 9. Ngf3 Be7 10. O-O Nd7 11. Rae1 O-O 12. Qc2 Kh8 13. Bxh7 f5 14. Rxe6 Kxh7 15. Rfe1 Rf7 16. h3 Bxf3 17. Nxf3 Nf8 18. R6e2 Ng6 19. Bg5 Bf8 20. h4 Kg8 21. h5 Nh8 22. Qb3 Qd7 23. Ne5 Nxe5 24. Rxe5 Bd6 25. Rxd5 Qc6 26. Rxf5 Rf8 27. Rxf7 Nxf7 28. Bd2 Qd7 29. h6 gxh6 30. Bxh6 Re8 31. Re3 Rxe3 32. Bxe3 Qf5 33. Qxb7 Qb1+ 0-1


[Site "https://www.chess.com"]

[Event "Titled Tuesday Blitz November 29 Early 2022"]
[White "Manukyan, Sargis A."]
[Black "Sailer, Mike"]
[WhiteFideId "13303970"]
[BlackFideId "2012901"]
[WhiteElo "2187"]
[BlackElo "2109"]
[Result "0-1"]
[Round "01"]
[TimeControl "180+1"]
[Date "2022.11.30"]
[WhiteClock "0:00:15"]
[BlackClock "0:00:09"]

1. d4 d5 2. e3 Bf5 3. Nf3 e6 4. Be2 Nf6 5. O-O Be7 6. b3 O-O 7. Bb2 c5 8. Nbd2 Nc6 9. Ne5 Nxe5 10. dxe5 Ne4 11. f4 a5 12. Nxe4 Bxe4 13. Bd3 Bxd3 14. cxd3 a4 15. Qc2 b5 16. e4 dxe4 17. dxe4 Qc7 18. f5 Bg5 19. Rf3 Rfd8 20. Raf1 Rd2 21. Qb1 axb3 22. axb3 c4 23. bxc4 Qxc4 24. Bc1 Qd4+ 25. Kh1 Rd1 26. fxe6 fxe6 27. Qb3 Rxc1 28. Qxe6+ Kh8 29. Qc6 Rxf1+ 30. Rxf1 Rd8 31. Qxb5 Qxe4 32. e6 Be7 33. Qb6 h6 34. h3 Qd5 35. Qa6 Kh7 36. Qb6 Rd6 37. Qb1+ Qd3 38. Qxd3+ Rxd3 39. Rf7 Rd1+ 40. Kh2 Bd6+ 41. g3 Rd2+ 42. Kg1 Re2 43. Rd7 Rxe6 44. g4 Be5 45. Kg2 Rd6 46. Re7 Bf6 47. Ra7 Rd3 48. Rb7 Kg6 49. Rb5 Rc3 50. Ra5 Rb3 51. Rc5 Rb2+ 52. Kg3 Be7 53. Rd5 Rb6 54. h4 Bd6+ 55. Kg2 Rb2+ 56. Kf3 Rb3+ 57. Ke2 Be7 58. h5+ Kf7 59. Kf2 Bf6 60. Ra5 Ke6 61. Kg2 Re3 62. Kf2 Rd3 63. Ke2 Rd5 64. Ra4 Ke5 65. Kf3 Rd4 66. Ra5+ Rd5 67. Ra4 Rc5 68. Re4+ Kd5 69. Re2 Rc3+ 70. Kf4 Bg5+ 71. Kf5 Rf3+ 72. Kg6 Bf6 73. Re1 Rf4 74. Rg1 Ke4 75. Re1+ Kf3 76. g5 hxg5 77. Rf1+ Kg4 78. Rg1+ Kf3 79. Rf1+ Ke4 80. Re1+ Kd5 81. Rd1+ Ke6 82. Re1+ Kd5 83. Rd1+ Ke5 84. Re1+ Re4 85. Rf1 g4 86. Rg1 Rf4 87. Re1+ Kd4 88. Rd1+ Ke3 89. Re1+ Kf2 90. Rc1 g3 91. Rc2+ Kf3 92. Rc1 g2 93. Rd1 Kg3 94. Rd3+ Rf3 95. Rd1 Rf1 96. Rd3+ Kg4 97. h6 gxh6 98. Rd5 g1=Q 99. Kh7 Bg5 100. Ra5 Qb6 101. Ra4+ Kh5 102. Kg8 Qd8+ 103. Kh7 Rf7# 0-1


[Site "https://www.chess.com"]

[Event "Titled Tuesday Blitz November 29 Early 2022"]
[White "Matinian, Nikita"]
[Black "Mohammed, Dilshad"]
[WhiteFideId "24129100"]
[BlackFideId "5050421"]
[WhiteElo "2422"]
[BlackElo "2102"]
[Result "1/2-1/2"]
[Round "01"]
[TimeControl "180+1"]
[Date "2022.11.30"]
[WhiteClock "0:00:04"]
[BlackClock "0:00:30"]

1. e4 e5 2. Nf3 Nc6 3. Bb5 a6 4. Ba4 Nf6 5. d3 d6 6. c3 g6 7. O-O Bg7 8. Re1 O-O 9. Nbd2 b5 10. Bc2 Nd7 11. Nf1 Nc5 12. Ng3 Ne6 13. a4 Bb7 14. axb5 axb5 15. Rxa8 Bxa8 16. h4 h5 17. Ng5 Nxg5 18. Bxg5 Qd7 19. Qf3 Nd8 20. Bf6 Ne6 21. Bxg7 Kxg7 22. Ne2 Qe7 23. Qg3 Bc6 24. d4 exd4 25. cxd4 d5 26. exd5 Bxd5 27. Nf4 Qd6 28. Nxh5+ Kh8 29. Qe3 Kh7 30. Nf6+ Kg7 31. Qe5 Qxe5 32. dxe5 Rd8 33. h5 gxh5 34. Nxh5+ Kh6 35. Nf6 Bb7 36. Be4 Bxe4 37. Rxe4 Kg6 38. g4 Ng5 39. Rb4 Nf3+ 40. Kg2 Nxe5 41. Ne4 c6 42. Ng3 Rd2 43. Ne4 Re2 44. Kg3 f5 45. gxf5+ Kxf5 46. Nd6+ Ke6 47. Ne4 Nd3 48. Rb3 Nxb2 49. Ng5+ Kf5 50. Nf3 Kf6 51. Nd4 Rd2 52. Nxc6 Rd3+ 53. Rxd3 Nxd3 54. f3 b4 55. Nxb4 Nxb4 56. f4 Nd5 57. Kg4 Nxf4 1/2-1/2


[Site "https://www.chess.com"]

[Event "Titled Tuesday Blitz November 29 Early 2022"]
[White "Matveeva, Olga"]
[Black "Buksa, Nataliya"]
[WhiteFideId "24107018"]
[BlackFideId "14123622"]
[WhiteElo "2055"]
[BlackElo "2313"]
[Result "0-1"]
[Round "01"]
[TimeControl "180+1"]
[Date "2022.11.30"]
[WhiteClock "0:00:05"]
[BlackClock "0:00:13"]

1. d4 d5 2. c4 e6 3. Nf3 Nf6 4. g3 Bb4+ 5. Bd2 Be7 6. Bg2 O-O 7. O-O c6 8. Qc2 Nbd7 9. Rd1 a5 10. Bf4 b5 11. cxb5 cxb5 12. Bc7 Qe8 13. a4 b4 14. Nbd2 Ba6 15. Qb3 Bxe2 16. Re1 Bxf3 17. Nxf3 Qc8 18. Rac1 Qb7 19. Bf4 Rfc8 20. Ne5 Nxe5 21. Bxe5 Nd7 22. Qd3 Nxe5 23. dxe5 g6 24. Bf1 Rxc1 25. Rxc1 Rc8 26. Qb5 Qa8 27. Rxc8+ Qxc8 28. Qxa5 Qc2 29. Qb5 Qxb2 30. a5 Kg7 31. a6 Qd4 32. Qd3 Bc5 33. Qxd4 Bxd4 34. Bd3 Kf8 35. Kf1 Ke7 36. f4 f6 37. exf6+ Kxf6 38. Ke2 e5 39. fxe5+ Kxe5 40. Kf3 b3 41. h3 Kd6 42. g4 Kc7 43. h4 Kb6 44. h5 gxh5 45. gxh5 h6 46. Ke2 Be5 47. Kd2 Bd4 48. Kc1 Ka5 49. Kd2 Kb4 50. Bb1 Ka3 51. Bd3 Kb2 52. Kd1 Ka1 53. Kd2 b2 54. Bf5 b1=Q 55. Bxb1 Kxb1 56. Kd3 Ba7 57. Kc3 Kc1 58. Kb4 d4 59. Kb5 Kc2 0-1


[Site "https://www.chess.com"]

[Event "Titled Tuesday Blitz November 29 Early 2022"]
[White "Mgeladze, Tamaz"]
[Black "Tarasova, Viktoriya"]
[WhiteFideId "13601202"]
[BlackFideId "4175840"]
[WhiteElo "2288"]
[BlackElo "2182"]
[Result "1-0"]
[Round "01"]
[TimeControl "180+1"]
[Date "2022.11.30"]
[WhiteClock "0:02:08"]
[BlackClock "0:00:04"]

1. c4 Nf6 2. Nc3 e5 3. g3 Bb4 4. Na4 d5 5. cxd5 Nxd5 6. Bg2 Nc6 7. a3 Be7 8. b4 a6 9. Bb2 O-O 10. Rc1 f5 11. d3 f4 12. Nf3 Bd6 13. O-O Kh8 14. Nc5 Re8 15. Qb3 Nf6 16. Rfd1 b6 17. Nxa6 Be6 18. Qc2 1-0


[Site "https://www.chess.com"]

[Event "Titled Tuesday Blitz November 29 Early 2022"]
[White "Mihailidis, Anastasios"]
[Black "Weetik, Vjacheslav"]
[WhiteFideId "4205588"]
[BlackFideId "4153472"]
[WhiteElo "2312"]
[BlackElo "2469"]
[Result "0-1"]
[Round "01"]
[TimeControl "180+1"]
[Date "2022.11.30"]
[WhiteClock "0:01:43"]
[BlackClock "0:00:46"]

1. e4 c6 2. d4 d5 3. exd5 cxd5 4. Bd3 Nc6 5. c3 g6 6. Bf4 Bf5 7. Nf3 Nf6 8. O-O Bg7 9. Qe2 O-O 10. Nbd2 Nh5 11. Bg3 Nxg3 12. hxg3 Bd7 13. Rfe1 Qb6 14. Bb5 Rfe8 15. Bxc6 Bxc6 16. Nb3 e6 17. Qd2 Re7 18. Qg5 Rae8 19. Ne5 f6 20. Nxc6 fxg5 21. Nxe7+ Rxe7 22. Rad1 h6 23. Re2 e5 24. dxe5 Rxe5 25. Red2 g4 26. Rxd5 Rxd5 27. Rxd5 Qe6 28. Rd8+ Kh7 29. Rd2 Qe1+ 30. Kh2 a5 31. Rc2 a4 32. Nc5 Qd1 33. b3 Qxc2 0-1


[Site "https://www.chess.com"]

[Event "Titled Tuesday Blitz November 29 Early 2022"]
[White "Mikhalsky, Vladimir"]
[Black "Ivic, Velimir"]
[WhiteFideId "14144352"]
[BlackFideId "950122"]
[WhiteElo "2271"]
[BlackElo "2625"]
[Result "0-1"]
[Round "01"]
[TimeControl "180+1"]
[Date "2022.11.30"]
[WhiteClock "0:00:14"]
[BlackClock "0:00:26"]

1. c4 e5 2. Nc3 Nc6 3. g3 g6 4. Bg2 Bg7 5. e3 d6 6. Nge2 h5 7. h3 Nge7 8. d4 h4 9. g4 f5 10. d5 Nb8 11. f3 Nd7 12. Qc2 Nf6 13. g5 Nh5 14. f4 e4 15. b3 c6 16. dxc6 bxc6 17. Bb2 O-O 18. O-O-O Qc7 19. Na4 c5 20. Bxg7 Nxg7 21. Nec3 Bd7 22. Nb5 Bxb5 23. cxb5 Rac8 24. Kb1 d5 25. Rc1 Ne6 26. Rhd1 Rfd8 27. Bf1 Qa5 28. Qb2 d4 29. Bc4 Nd5 30. exd4 Nexf4 31. dxc5 Kh7 32. c6 e3 33. Qd4 Qc7 34. Rf1 e2 35. Rf2 Qe7 36. Bxd5 Nxd5 37. Qxh4+ Kg8 38. Rg2 f4 39. Qe1 Qe4+ 40. Rc2 Qxg2 41. Rd2 f3 42. Nc5 Qf1 0-1


[Site "https://www.chess.com"]

[Event "Titled Tuesday Blitz November 29 Early 2022"]
[White "Milikow, Yoav"]
[Black "Gurevich, Dmitry"]
[WhiteFideId "2822237"]
[BlackFideId "2000407"]
[WhiteElo "2341"]
[BlackElo "2506"]
[Result "1-0"]
[Round "01"]
[TimeControl "180+1"]
[Date "2022.11.30"]
[WhiteClock "0:00:02"]
[BlackClock "0:00:01"]

1. d4 Nf6 2. c4 a6 3. Nc3 c5 4. dxc5 e6 5. e4 Qc7 6. f4 Bxc5 7. e5 Ng8 8. Ne4 Ne7 9. Nd6+ Kf8 10. Nf3 Ng6 11. h4 h5 12. Ng5 Bxd6 13. exd6 Qc5 14. Ne4 Qf5 15. Ng3 Qc5 16. Qd3 Nc6 17. Be3 Qa5+ 18. Qd2 Qxd2+ 19. Kxd2 b5 20. cxb5 axb5 21. Ne4 Na5 22. Bxb5 Bb7 23. Nc5 Bc6 24. Bf1 Kg8 25. b4 Nb7 26. Nxb7 Bxb7 27. a4 Kh7 28. b5 e5 29. f5 Nf4 30. Bxf4 exf4 31. a5 Rhe8 32. Bd3 Re5 33. Rhf1 Rd5 34. Rxf4 Rxd6 35. a6 Rb6 36. Raa4 Bc6 37. Rab4 1-0


[Site "https://www.chess.com"]

[Event "Titled Tuesday Blitz November 29 Early 2022"]
[White "Miszler, Levente"]
[Black "Visakh N R"]
[WhiteFideId "763276"]
[BlackFideId "25012223"]
[WhiteElo "2176"]
[BlackElo "2466"]
[Result "0-1"]
[Round "01"]
[TimeControl "180+1"]
[Date "2022.11.30"]
[WhiteClock "0:00:03"]
[BlackClock "0:01:13"]

1. Nf3 d5 2. c4 e6 3. g3 Nf6 4. Bg2 Be7 5. O-O O-O 6. d4 dxc4 7. Qc2 Bd7 8. Qxc4 Bc6 9. Nc3 Nbd7 10. Rd1 Nb6 11. Qd3 Bd5 12. b3 Bxf3 13. Bxf3 c6 14. e4 Rc8 15. Be3 c5 16. Rac1 cxd4 17. Bxd4 Bc5 18. Bxc5 Qxd3 19. Rxd3 Rxc5 20. Rcd1 Nbd7 21. Na4 Rc7 22. Rd6 b5 23. Nb2 Rfc8 24. e5 Nxe5 25. Rd8+ Ne8 26. Bb7 Rxd8 27. Rxd8 Kf8 28. Ba6 Ke7 29. Rb8 Rc2 30. Bxb5 Nd6 31. Nc4 Nexc4 32. bxc4 Kf6 33. a4 Nxc4 34. Bxc4 Rxc4 35. a5 Rc5 36. a6 Rc6 37. Rb7 Rxa6 38. Kg2 g5 39. g4 Ra1 40. h3 a5 41. Ra7 a4 42. Kh2 a3 43. Kg2 Kg6 44. Kf3 f6 45. Kg2 f5 46. gxf5+ exf5 47. Ra6+ Kh5 48. Ra7 h6 49. Ra6 g4 50. hxg4+ fxg4 51. f3 gxf3+ 52. Kxf3 Kg5 53. Kg2 Kf4 54. Rxh6 Rb1 55. Ra6 Rb2+ 56. Kh3 a2 57. Ra3 Ke4 58. Kg3 Kd4 59. Kf3 Rb3+ 60. Rxb3 a1=Q 61. Rb7 Qh1+ 0-1


[Site "https://www.chess.com"]

[Event "Titled Tuesday Blitz November 29 Early 2022"]
[White "Mohamed Anees M"]
[Black "Rian, Kapriaga"]
[WhiteFideId "35065815"]
[BlackFideId "7103263"]
[WhiteElo "2135"]
[BlackElo "2000"]
[Result "1-0"]
[Round "01"]
[TimeControl "180+1"]
[Date "2022.11.30"]
[WhiteClock "0:01:01"]
[BlackClock "0:00:11"]

1. e4 c6 2. d4 d5 3. e5 c5 4. dxc5 e6 5. a3 Bxc5 6. b4 Be7 7. Nf3 Nc6 8. Bb2 f6 9. b5 Nxe5 10. Nxe5 fxe5 11. Bxe5 Nf6 12. Nd2 O-O 13. Bd3 Bd6 14. Nf3 Qa5+ 15. Qd2 Qxd2+ 16. Kxd2 Bxe5 17. Nxe5 Nd7 18. Nxd7 Bxd7 19. f3 e5 20. Rhe1 Rae8 21. c4 e4 22. fxe4 dxe4 23. Bxe4 Rf2+ 24. Kc3 b6 25. Bd5+ Kf8 26. Rxe8+ Bxe8 27. a4 Bf7 28. Bf3 g5 29. h3 h5 30. a5 g4 31. hxg4 hxg4 32. Bc6 Rf4 33. axb6 axb6 34. Ra8+ Ke7 35. Ra7+ Kd6 36. Rd7+ Kc5 37. Bd5 Bxd5 38. Rxd5# 1-0


[Site "https://www.chess.com"]

[Event "Titled Tuesday Blitz November 29 Early 2022"]
[White "Moskvin, Anatoly"]
[Black "Grandelius, Nils"]
[WhiteFideId "24199990"]
[BlackFideId "1710400"]
[WhiteElo "2079"]
[BlackElo "2617"]
[Result "0-1"]
[Round "01"]
[TimeControl "180+1"]
[Date "2022.11.30"]
[WhiteClock "0:00:42"]
[BlackClock "0:01:17"]

1. e4 c5 2. Nf3 Nf6 3. d3 Nc6 4. g3 d5 5. Nbd2 Bg4 6. Bg2 e6 7. O-O Qc7 8. h3 Bh5 9. Re1 Be7 10. c3 h6 11. Nf1 O-O-O 12. Qa4 d4 13. Bf4 e5 14. Nxe5 Nxe5 15. Qxa7 g5 16. Bxe5 Qxe5 17. cxd4 Rxd4 18. Ne3 Qb8 19. Qa5 Bg6 20. e5 Nd7 21. Nd5 Bd8 22. Qb5 Bxd3 23. Qb4 0-1


[Site "https://www.chess.com"]

[Event "Titled Tuesday Blitz November 29 Early 2022"]
[White "Mouhamad, Joachim"]
[Black "Cardoso Cardoso, Jose Gabriel"]
[WhiteFideId "656410"]
[BlackFideId "4430492"]
[WhiteElo "2164"]
[BlackElo "2484"]
[Result "0-1"]
[Round "01"]
[TimeControl "180+1"]
[Date "2022.11.30"]
[WhiteClock "0:00:07"]
[BlackClock "0:00:04"]

1. e4 g6 2. d4 Bg7 3. Nc3 d6 4. Nf3 a6 5. Be2 b5 6. a4 b4 7. Na2 Bb7 8. Bd3 c5 9. c3 bxc3 10. bxc3 Nd7 11. O-O Ngf6 12. Re1 cxd4 13. cxd4 O-O 14. Nc3 a5 15. Nb5 Nb6 16. Bd2 d5 17. exd5 Nfxd5 18. Rc1 Nb4 19. Bb1 N6d5 20. Ne5 Rc8 21. Qb3 e6 22. Qh3 Nb6 23. Rxc8 Bxc8 24. Bh6 Nxa4 25. Bxg7 Kxg7 26. Ng4 h5 27. Ne5 Nb6 28. Qg3 Qf6 29. Nd6 h4 30. Qg4 N6d5 31. Ne4 Qf4 32. Qd1 Ba6 33. h3 Rc8 34. Qa4 Nc3 35. Nxc3 Rxc3 36. Qxa5 Qxd4 37. Nf3 Rxf3 38. gxf3 Bb7 39. Qe5+ Qxe5 40. Rxe5 Bxf3 41. Be4 Bh5 42. Rb5 Na2 43. Rb3 Nc1 44. Rb2 Ne2+ 45. Kf1 Nf4 46. Rb3 f5 47. Bf3 Bxf3 48. Rxf3 g5 49. Ra3 Kf6 50. Kg1 Ke5 51. Kh2 Ke4 52. Re3+ Kd5 53. Ra3 e5 54. Ra5+ Ke4 55. Ra3 Nd5 56. Kg2 Kf4 57. Ra4+ e4 58. Rd4 Nc3 59. f3 Ke3 60. Rc4 exf3+ 61. Kf1 Ne4 62. Rc5 Nxc5 0-1


[Site "https://www.chess.com"]

[Event "Titled Tuesday Blitz November 29 Early 2022"]
[White "Mrudul Dehankar"]
[Black "Zhu, Jiner"]
[WhiteFideId "25096990"]
[BlackFideId "8608059"]
[WhiteElo "2068"]
[BlackElo "2384"]
[Result "0-1"]
[Round "01"]
[TimeControl "180+1"]
[Date "2022.11.30"]
[WhiteClock "0:00:04"]
[BlackClock "0:00:48"]

1. e4 c5 2. Nf3 e6 3. d4 cxd4 4. Nxd4 a6 5. Be2 Nc6 6. Nb3 Nf6 7. f3 d5 8. exd5 Nxd5 9. O-O Bd6 10. Re1 O-O 11. c4 Nf4 12. Bf1 a5 13. Be3 Qe7 14. Nc3 Rd8 15. Qc1 Ng6 16. Ne4 Bc7 17. Bc5 Qe8 18. Rd1 a4 19. Rxd8 Qxd8 20. Nbd2 b6 21. Bf2 Bb7 22. Qc2 a3 23. Rd1 Qe7 24. b3 Nb4 25. Qb1 Rd8 26. c5 Nd5 27. cxb6 Nxb6 28. Bxb6 Bxb6+ 29. Kh1 Qd7 30. Rc1 Qd4 31. Nc4 Qg1# 0-1


[Site "https://www.chess.com"]